 Dungeon Crawl Stone Soup version 0.27.0-1-g7a089689b8 (webtiles) character file.

Game seed: 15737981302041157401

91 Froggeryz the Cutter (level 4, -4/31 HPs)
             Began as an Octopode Berserker on Aug 6, 2021.
             Was a Believer of Trog.
             Engulfed by an orc wizard's steam (9 damage)
             ... on level 3 of the Dungeon.
             The game lasted 00:01:53 (2788 turns).

Froggeryz the Cutter (Octopode Berserker)           Turns: 2788, Time: 00:01:54

Health: -4/31      AC:  1    Str: 16    XL:     4   Next: 59%
Magic:  4/4        EV: 13    Int:  9    God:    Trog [**....]
Gold:   47         SH:  0    Dex: 12    Spells: 3/3 levels left

rFire    . . .     SeeInvis +   h - +1 short sword (venom)
rCold    . . .     Faith    .   (no shield)
rNeg     . . .     Spirit   .   (helmet restricted)
rPois    .         Reflect  .   (no amulet)
rElec    .         Harm     .   k - ring of see invisible
rCorr    .         Rampage  .   (no ring)
Will     .....                  (no ring)
Stlth    ++++......             (no ring)
HPRegen  0.10/turn              (no ring)
MPRegen  0.09/turn              (no ring)
                                (no ring)
                                (no ring)

@: no status effects
A: almost no armour, amphibious, 8 rings, camouflage 1, gelatinous body 1,
nimble swimmer 1, tentacles
a: Renounce Religion, Berserk, Trog's Hand


You were on level 3 of the Dungeon.
You worshipped Trog.
Trog was pleased with you.
You visited 1 branch of the dungeon, and saw 3 of its levels.

You collected 47 gold pieces.

Inventory:

Hand Weapons
 e - a +0 dagger of venom
 h - a +1 short sword of venom (weapon)
Missiles
 g - 7 boomerangs (quivered)
Jewellery
 k - a ring of see invisible (left tentacle)
Scrolls
 a - a scroll of fog {unknown}
 b - 2 scrolls of vulnerability {unknown}
 d - 4 scrolls of identify {unknown}
 j - a scroll of magic mapping {unknown}
 l - a scroll of enchant weapon {unknown}
 m - a scroll of enchant armour {unknown}
Potions
 c - a potion of flight {unknown}
 f - 2 potions of might {unknown}
 i - a potion of brilliance {unknown}


   Skills:
 - Level 3.0 Fighting
 * Level 4.6 Short Blades
 - Level 3.0 Dodging
 + Level 3.1 Stealth


You had 3 spell levels left.
You didn't know any spells.
Your spell library was empty.

Dungeon Overview and Level Annotations

Branches:
Dungeon (3/15)

Altars:
Sif Muna

Shops:
D:1 [

Annotations:
D:3 2 runed translucent doors


Innate Abilities, Weirdness & Mutations

You cannot wear most types of armour.
You are amphibious.
You can wear up to eight rings at the same time.
Your skin changes colour to match your surroundings (Stealth+).
Your rubbery body absorbs attacks. (AC +1, EV +1)
You are camouflaged near water. (Stealth+)
You have tentacles for arms and can constrict up to eight enemies at once.


Message History

Trog accepts your kill.
No target in view!
A goblin comes into view. It is wielding a +0 dagger.
Found a shimmering blue altar of Sif Muna.
You see here a scroll labelled WOID TOCYALEPUH.
A goblin is nearby!
A goblin is nearby!
The goblin shouts!
The goblin hits you but does no damage.
You hit the goblin.
You kill the goblin!
Trog accepts your kill.
No target in view!
Things that are here:
a +0 dagger; a goblin corpse
b - 2 scrolls labelled WOID TOCYALEPUH (gained 1)
There is a shimmering blue altar of Sif Muna here.
You open the door. 2 orc wizards come into view.
The orc wizard casts a spell at you. The magic dart hits you!
Found Sif Muna's Tome of Confrontation.
Found an escape hatch in the floor.
There are monsters nearby!
There are monsters nearby!
The orc wizard shouts!
There is an open door here.
The orc wizard gestures at you while chanting.
The puff of flame hits you! The orc wizard closely misses you.
You are too injured to fight recklessly!
You are too injured to fight recklessly!
You are too injured to fight recklessly!
You miss the orc wizard. Your grab misses the orc wizard.
You are engulfed in a cloud of scalding steam.
* * * LOW HITPOINT WARNING * * *
The orc wizard hits you with a +0 dagger.
* * * LOW HITPOINT WARNING * * *
The orc wizard barely misses you.
You closely miss the orc wizard. You grab the orc wizard.
You are engulfed in a cloud of scalding steam.
You die...

#############
##.....#.....##
#.............##
#######........#
######..##.......#
#.≈..#8..#.....>.##
#o@..'._.........##
#o≈..#8..#.........
######..##........#
####..........
..#....)####
###.......#
#....##..# #...##
#.# #... ..


You could see 2 orc wizards.

Vanquished Creatures
  A gnoll (D:1)
  A worm (D:2)
  3 dart slugs
  5 orcs
  6 ball pythons
  5 endoplasms
  A giant cockroach (D:1)
  5 goblins
  7 hobgoblins
  4 jackals (D:2)
  10 bats
  3 frilled lizards
  6 kobolds
  3 rats
60 creatures vanquished.

Notes
Turn   | Place    | Note
-------+----------+-------------------------------------------
     0 | D:1      | Froggeryz the Octopode Berserker began the quest for the
                  | Orb.
     0 | D:1      | Reached XP level 1. HP: 16/16 MP: 1/1
    26 | D:1      | Found Quimoe's Antique Armour Emporium.
   261 | D:1      | Reached skill level 1 in Stealth
   401 | D:1      | Reached XP level 2. HP: 18/21 MP: 2/2
   645 | D:1      | Reached XP level 3. HP: 15/26 MP: 3/3
  1028 | D:2      | Reached skill level 4 in Short Blades
  1055 | D:2      | Found a faded altar of an unknown god.
  1263 | D:2      | Reached ** piety under Trog
  1955 | D:2      | Reached XP level 4. HP: 17/31 MP: 4/4
  2717 | D:3      | Found a large runed translucent door.
  2717 | D:3      | Found a large runed translucent door.
  2758 | D:3      | Found a shimmering blue altar of Sif Muna.
  2788 | D:3      | Engulfed by an orc wizard's steam

Illustrated notes

Levels and vault maps discovered:
D:1:      nzn_arrival_depleted_hourglass, layout_loops_ring, serial_shops, shop
D:2:      layout_loops_corners, shapermc_ecumenical_altar_venn
D:3:      layout_rooms, led_sif_book, jmf_multi_god_temple2, solitary_fountain,
          minmay_guardbox, uniq_natasha

Skill      XL: |  1  2  3  4 |
---------------+-------------+-----
Stealth        | 1 2 3 |  3.1
Short Blades   | 4 |  4.6
Fighting       | |  3.0
Dodging        | |  3.0

Action                   |  1- 3 |  4- 6 || total
-------------------------+-------+-------++-------
Melee: Short sword       |    30 |    37 ||    67
       Dagger            |    31 |       ||    31
       Constrict         |    19 |    13 ||    32
       Tentacles         |    11 |    10 ||    21
Invok: Trog's Hand       |       |     1 ||     1
 Stab: Sleeping          |    11 |     3 ||    14
Armor: Skin              |     4 |     5 ||     9
Dodge: Dodged            |    28 |    50 ||    78
